 Dungeon Crawl Stone Soup version 0.20.0 (webtiles) character file.

254946 Llamajah the Severer (level 20, -12/161 HPs)
             Began as a Formicid Fighter on June 29, 2017.
             Was the Champion of Okawaru.
             Killed by the air
             ... invoked by Xoucwocs the Cloud Mage
              (26 damage)
             ... in a wizard's laboratory.
             The game lasted 02:57:44 (38050 turns).

Llamajah the Severer (Formicid Fighter)            Turns: 38050, Time: 02:57:45

Health: -12/161    AC: 35    Str: 32    XL:     20   Next: 56%
Magic:  26/27      EV: 21    Int: 10    God:    Okawaru [******]
Gold:   1149       SH: 35    Dex: 19    Spells: 19/19 levels left

rFire    + . .     SeeInvis +   l - +9 executioner's axe (elec)
rCold    + . .     Gourm    .   O - +10 large shield of Foolhardiness {rElec rF+ Str+3}
rNeg     . . .     Faith    +   q - +2 plate armour {MR+}
rPois    .         Spirit   .   (helmet unavailable)
rElec    +         Reflect  .   o - +0 cloak {+Inv}
rCorr    .         Harm     .   m - +2 pair of gloves {Str+3}
MR       +++..                  I - +2 pair of boots {Fly}
Stlth    ..........             S - amulet of faith
Regen    0.4/turn               B - +5 ring of protection
MPRegen  0.2/turn               i - ring of Peace {rC+ Dex+7}

@: heroism, flying
A: permanent stasis, dig shafts and tunnels, four strong arms, antennae 3
}: 2/15 runes: decaying, gossamer
a: Dig, Shaft Self, Heroism, Finesse, Renounce Religion, Evoke Invisibility


You were in a wizard's laboratory.
You worshipped Okawaru.
Okawaru was exalted by your worship.
You were not hungry.

You visited 7 branches of the dungeon, and saw 33 of its levels.
You also visited: Labyrinth, Trove, Ice Cave and Wizlab.

You collected 3342 gold pieces.
You spent 2193 gold pieces at shops.

Inventory:

Hand Weapons
 l - a +9 executioner's axe of electrocution (weapon)
 D - a +1 scimitar of flaming
Armour
 e - a +2 plate armour of cold resistance
 m - a +2 pair of gloves of strength (worn)
 o - a +0 cloak of invisibility (worn)
 q - a +2 plate armour of magic resistance (worn)
 I - a +2 pair of boots of flying (worn)
 K - a scarf of resistance
 M - a +2 cloak of poison resistance
 O - the +10 large shield of Foolhardiness (worn) {rElec rF+ Str+3}
   (You found it in a labyrinth)

   It affects your strength (+3).
   It protects you from fire.
   It insulates you from electricity.
 T - the +3 pair of gloves of the Untouchables {rC++ Str-3}
   (Okawaru gifted it to you on level 4 of the Swamp)

   It affects your strength (-3).
   It greatly protects you from cold.
Jewellery
 h - a +4 ring of protection
 i - the ring of Peace (right hand) {rC+ Dex+7}
   (You found it on level 15 of the Dungeon)

   [ring of protection from cold]

   It affects your dexterity (+7).
   It protects you from cold.
 B - a +5 ring of protection (left hand)
 C - an uncursed ring of protection from fire
 P - an uncursed ring of positive energy
 Q - a +4 amulet of reflection
 S - an amulet of faith (around neck)
 Z - an uncursed ring of resist corrosion
Wands
 a - a wand of disintegration (10/24)
 n - a wand of lightning (5/15)
 r - a wand of acid (8/15)
 u - a wand of scattershot (7/9)
 A - a wand of scattershot (5/9)
 G - a wand of clouds (4/9)
Scrolls
 c - a scroll of recharging
 s - 3 scrolls of magic mapping
 w - 12 scrolls of remove curse
 H - 4 scrolls of fog
 L - 6 scrolls of fear
 R - 4 scrolls of identify
Potions
 b - 12 potions of curing
 d - 5 potions of might
 j - 9 potions of mutation
 p - a potion of brilliance
 v - 5 potions of cancellation
 z - 3 potions of resistance
 F - a potion of heal wounds
 J - 8 potions of ambrosia
 Y - 5 potions of agility
Miscellaneous
 V - a fan of gales
Comestibles
 f - 17 bread rations
 g - 16 meat rations
 k - 9 chunks of flesh
 t - 45 fruits
 X - a royal jelly


   Skills:
 + Level 14.8(19.8) Fighting
 * Level 18.5(23.5) Axes
 + Level 14.2(19.2) Armour
 + Level 12.3(17.3) Dodging
 + Level 15.8(20.8) Shields
 - Level 7.1 Invocations
 + Level 10.3 Evocations


You had 19 spell levels left.
You didn't know any spells.

Dungeon Overview and Level Annotations

Branches:
Dungeon (15/15)            Temple (1/1) D:4            Lair (6/6) D:8
  Swamp (4/4) Lair:3       Spider (4/4) Lair:4        Slime (0/5) Lair:6
    Orc (2/2) D:12            Elf (1/3) Orc:2        Vaults (0/5) D:13
 Depths (0/5) D:15

Altars:
Ashenzari
Cheibriados
Elyvilon
Fedhas
Kikubaaqudgha
Makhleb
Nemelex Xobeh
Okawaru
Ru
Uskayaw
Xom
Yredelemnul
Zin
The Shining One
Beogh

Shops:
D:5 !   D:7 *   Orc:1 ??*%   Orc:2 :(=[(


Innate Abilities, Weirdness & Mutations

You cannot be hasted, slowed, berserked, paralysed or teleported.
You can dig through walls and to a lower floor.
Your four strong arms can wield two-handed weapons with a shield.
You have a pair of large antennae on your head. (SInv)


Message History

The air twists around and violently strikes you in flight!
The air elemental completely misses you.
You closely miss Xoucwocs.
Xoucwocs is moderately wounded.
You closely miss the air elemental.
You are engulfed in raging winds.
* * * LOW HITPOINT WARNING * * *
You block the air elemental's attack.
Xoucwocs waves her arms in wide circles.
The air twists around and violently strikes you in flight!
* * * LOW HITPOINT WARNING * * *
The air elemental completely misses you.
You carve Xoucwocs like a ham!!!
Xoucwocs is severely wounded.
You slice the air elemental!!
You destroy the air elemental!
Okawaru accepts your kill.
You are engulfed in raging winds.
Xoucwocs waves her arms in wide circles.
The air twists around and violently strikes you in flight!
You die...

≈≈≈≈≈≈≈≈≈≈▓▓▓..................
≈≈≈≈≈≈≈≈▓▓▓...≈≈≈≈≈≈≈≈≈≈≈≈≈≈≈≈≈
≈≈≈≈≈≈≈≈▓▓§§§§§§################
≈≈≈≈≈≈≈≈▓.§§§§§§# ### #
≈≈≈≈≈≈≈▓▓.§§§§§§##§§#§.#..
≈≈≈≈≈≈≈▓..§§§§§§#§§.......
≈≈≈≈≈≈▓▓.≈§§§§§§#§§§......
≈≈≈≈≈≈▓..≈§§§§§@#§........
≈≈≈≈≈≈▓...§§§§§@§.........
≈≈≈≈≈≈▓..≈§§§§§§#§.§......
≈≈≈≈≈≈▓▓.≈§§§§§§#§§§......
≈≈≈≈≈≈≈▓..§§§§§§#§§§......
≈≈≈≈≈≈≈▓▓.§§§§§§##.§#..#..
≈≈≈≈≈≈≈≈▓..≈≈≈≈≈# ###### #
≈≈≈≈≈≈≈≈▓▓...≈≈≈################
≈≈≈≈≈≈≈≈≈▓▓▓...≈≈≈≈≈≈≈≈≈≈≈≈≈≈≈≈≈
§§§§§§§§≈≈≈▓▓▓..................


You could see Xoucwocs the Cloud Mage.

Vanquished Creatures
  Mara (Swamp:4)
  Nikola (Swamp:4)
  Frances (D:13)
  Agnes (Spider:1)
  Roxanne (Swamp:4)
  4 emperor scorpions
  An azure jelly (Swamp:4)
  Louise (Spider:1)
  2 orc warlords (Orc:2)
  5 ghost moths
  2 very ugly things (Swamp:4)
  Nessos (Lair:4)
  3 entropy weavers
  A dire elephant (Lair:6)
  4 spark wasps
  Snorg (Orc:2)
  Josephine (Lair:4)
  A minotaur (Lab)
  A fire dragon (D:15)
  An ogre mage (D:13)
  2 spriggan air magi (WizLab)
  4 ice dragons
  8 hydras
  4 catoblepae
  7 two-headed ogres
  7 alligators
  4 centaur warriors
  The ghost of Duelies the Cleaver, a novice MiFi of Okawaru (D:10)
  10 death yaks
  Urug (Orc:2)
  An orc high priest (Orc:2)
  2 deep elf knights
  4 skeletal warriors
  2 unseen horrors
  5 spriggan druids
  7 swamp dragons
  A necromancer (IceCv)
  3 shambling mangroves
  A lindwurm (Lair:6)
  5 oklob plants
  11 orb spiders
  A cyclops (D:13)
  3 orc sorcerers
  18 ugly things
  3 orc knights
  6 manticores
  16 deep elf magi
  24 wolf spiders
  2 centaur zombies
  11 elephants
  3 moths of wrath
  8 black mambas
  3 ice statues (IceCv)
  27 spiny frogs
  8 komodo dragons
  3 torpor snails
  2 kobold demonologists
  A rime drake (Lair:6)
  8 ice devils
  5 freezing wraiths
  9 demonic crawlers
  2 efreet
  8 trolls
  21 jumping spiders
  2 polar bears
  Grinder (D:3)
  5 tyrant leeches
  7 wind drakes (WizLab)
  13 dream sheep
  4 slime creatures (D:13)
  23 hornets
  14 blink frogs
  5 bog bodies
  9 hippogriffs
  Sigmund (D:4)
  42 yaks
  34 tarantellas
  10 spriggans
  27 air elementals (WizLab)
  5 shadows
  3 vampires
  73 redbacks
  2 wyverns
  4 basilisks
  7 wraiths
  Grum (D:10)
  A fire elemental (Elf:1)
  8 hungry ghosts
  11 vampire mosquitoes
  4 chaos spawn (D:13)
  6 swamp worm simulacra (Swamp:4)
  26 insubstantial wisps
  3 wargs (Orc:1)
  Edmund (D:4)
  12 swamp worms
  2 acid dragons
  10 water moccasins
  44 orc warriors
  10 porcupines
  9 swamp drakes
  12 hydra simulacra (Swamp:4)
  8 ice beasts
  3 sky beasts
  A phantom (D:9)
  12 ogres
  2 eyes of draining
  A necrophage (D:11)
  4 wolves
  11 centaurs
  16 crocodiles
  5 big kobolds
  18 bullfrogs
  The ghost of myxocpahck the Gusty, an amateur TeAE (D:3)
  3 wyvern zombies
  An earth elemental (Elf:1)
  A wyvern skeleton (D:13)
  3 scorpions
  6 killer bees (D:8)
  10 wights
  3 electric eels
  5 howler monkeys
  7 crimson imps
  2 bullfrog zombies
  3 hounds
  3 quasits
  29 orc priests
  8 jellies
  A draconian simulacrum (IceCv)
  39 orc wizards
  Crazy Yiuf (D:7)
  5 centaur skeletons
  8 worker ants
  4 iguanas
  6 hell rats (Lair:5)
  3 spriggan simulacra (IceCv)
  A bullfrog simulacrum (D:12)
  2 hound skeletons
  A mummy (D:6)
  Robin (D:4)
  A howler monkey skeleton (D:6)
  3 ogre simulacra (IceCv)
  14 adders
  3 naga simulacra (IceCv)
  7 shadow imps
  2 white imps (D:15)
  An ufetubus (D:15)
  3 oozes
  2 swamp drake simulacra (Swamp:4)
  2 adder skeletons
  6 leopard geckos
  123 orcs
  4 giant cockroaches
  12 goblins
  5 hobgoblins
  9 kobolds
  3 quokkas
  3 ball pythons
  10 bats
  7 frilled lizards
  A hobgoblin zombie (D:6)
  2 kobold zombies (D:6)
  An orc zombie (D:6)
  5 rats
  3 fungi (Lair:2)
  14 plants
1251 creatures vanquished.

Vanquished Creatures (others)
  The ghost of tijit the Warrior, an adept MfSk of Okawaru (WizLab)
  A ghost crab (Swamp:4)
  A centaur warrior (D:14)
  A tengu warrior (D:14)
  A tengu conjurer (D:14)
  A dream sheep (Lair:6)
  A swamp worm (Swamp:4)
  6 bushes (Lair:6)
  19 fungi
  19 plants
51 creatures vanquished.

Grand Total: 1302 creatures vanquished

Notes
Turn   | Place    | Note
-------+----------+-------------------------------------------
     0 | D:1      | Llamajah the Formicid Fighter began the quest for the Orb.
     0 | D:1      | Reached XP level 1. HP: 18/18 MP: 1/1
   257 | D:1      | Reached XP level 2. HP: 21/24 MP: 2/2
   848 | D:2      | Reached XP level 3. HP: 27/30 MP: 3/3
  1134 | D:3      | Noticed myxocpahck's ghost (amateur TeAE)
  1146 | D:3      | Killed myxocpahck's ghost
  1146 | D:3      | Reached skill level 3 in Axes
  1146 | D:3      | Reached XP level 4. HP: 36/37 MP: 4/4
  1146 | D:3      | Reached XP level 5. HP: 41/42 MP: 5/5
  1647 | D:3      | Noticed Grinder
  1659 | D:3      | Killed Grinder
  1659 | D:3      | Reached skill level 4 in Axes
  1659 | D:3      | Reached skill level 1 in Dodging
  1659 | D:3      | Reached XP level 6. HP: 33/49 MP: 6/6
  2258 | D:4      | Reached XP level 7. HP: 55/55 MP: 7/7
  2318 | D:4      | Found a sparkling altar of Nemelex Xobeh.
  2391 | D:4      | Noticed Robin
  2549 | D:4      | Noticed Sigmund
  2847 | D:4      | Killed Sigmund
  2847 | D:4      | Reached skill level 5 in Axes
  2847 | D:4      | Reached skill level 5 in Shields
  2857 | D:4      | Reached skill level 5 in Fighting
  3089 | D:4      | Found a staircase to the Ecumenical Temple.
  3116 | Temple   | Entered the Ecumenical Temple
  3131 | Temple   | Became a worshipper of Warmaster Okawaru
  3301 | D:4      | Reached XP level 8. HP: 62/62 MP: 8/8
  3321 | D:4      | Noticed Edmund
  3367 | D:4      | Killed Edmund
  3375 | D:4      | Killed Robin
  3661 | D:4      | Reached skill level 5 in Armour
  3787 | D:5      | Entered Level 5 of the Dungeon
  3925 | D:5      | Found Emuyrpho's Distillery.
  3935 | D:5      | Bought a potion of heal wounds for 70 gold pieces
  3935 | D:5      | Bought a potion of resistance for 140 gold pieces
  4099 | D:5      | Reached * piety under Okawaru
  4099 | D:5      | Reached skill level 6 in Axes
  4252 | D:5      | Found a white marble altar of Elyvilon.
  4611 | D:6      | Reached XP level 9. HP: 48/69 MP: 9/9
  5283 | D:6      | Reached skill level 7 in Axes
  5527 | D:6      | Reached ** piety under Okawaru
  5639 | D:7      | Found Kaneju's Assorted Antiques.
  6113 | D:7      | Found a runed door.
  6258 | D:7      | Noticed Crazy Yiuf
  6264 | D:7      | Killed Crazy Yiuf
  6311 | D:8      | Reached skill level 1 in Invocations
  6712 | D:8      | Reached XP level 10. HP: 72/77 MP: 11/11
  6725 | D:8      | Reached *** piety under Okawaru
  6725 | D:8      | Reached skill level 8 in Axes
  6927 | D:8      | Found a shimmering altar of Xom.
  7042 | D:8      | Found a staircase to the Lair.
  7541 | D:9      | Found a burning altar of Makhleb.
  7985 | D:9      | Reached **** piety under Okawaru
  8053 | D:9      | Reached skill level 5 in Dodging
  8462 | D:9      | Noticed a two-headed ogre
  8485 | D:9      | Killed a two-headed ogre
  8485 | D:9      | Reached skill level 9 in Axes
  8490 | D:9      | Reached XP level 11. HP: 14/84 MP: 14/14
  8679 | D:10     | Entered Level 10 of the Dungeon
  8731 | D:10     | Noticed Duelies's ghost (novice MiFi)
  8813 | D:10     | Killed Duelies's ghost
  9132 | D:10     | Noticed Grum
  9160 | D:10     | Reached ***** piety under Okawaru
  9160 | D:10     | Reached skill level 5 in Invocations
  9173 | D:10     | Killed Grum
  9294 | D:10     | Noticed a centaur warrior
  9306 | D:10     | Killed a centaur warrior
  9591 | D:11     | Found a labyrinth entrance.
  9591 | D:11     | Noticed an unseen horror
  9591 | D:11     | Noticed a two-headed ogre
  9608 | D:10     | Killed a two-headed ogre
  9721 | D:11     | Reached skill level 10 in Axes
  9729 | D:11     | Killed an unseen horror
  9729 | D:11     | Received a gift from Okawaru
  9748 | Lab      | Entered a labyrinth
  9822 | Lab      | Paralysed by fainting for 6 turns
  9869 | Lab      | Got an encrusted spear
  9873 | Lab      | Identified the +5 spear of Drought {venom, rC- Str+2 Dex+5 SInv} (You found it in a labyrinth)
 10049 | Lab      | Reached XP level 12. HP: 94/94 MP: 16/16
 10178 | Lab      | Got a heavily runed large shield
 10189 | Lab      | Identified the +10 large shield of Foolhardiness {rElec rF+ Str+3} (You found it in a labyrinth)
 11030 | Lab      | Noticed a minotaur
 11041 | Lab      | Killed a minotaur
 11044 | Lab      | Identified the Incunabulum of Flight and Fire
 11054 | Lab      | Got a pitted quarterstaff
 11054 | Lab      | Got a smelly leather armour
 11054 | Lab      | Got a translucent large shield
 11065 | Lab      | Identified the +5 large shield of Uhynoavu {*Slow rElec rF+++ Dex-3} (You found it in a labyrinth)
 11075 | Lab      | Identified the +1 leather armour "Boofyfiwk" {rC+ Int-2 Dex+4} (You found it in a labyrinth)
 11115 | Lab      | Identified the cursed +2 quarterstaff of Antimn {antimagic, +Blink rElec rC+ Dex-4} (You found it in a labyrinth)
 11281 | D:11     | Reached skill level 10 in Shields
 11547 | D:11     | Reached skill level 11 in Axes
 11657 | D:11     | Noticed a two-headed ogre
 11670 | D:11     | Killed a two-headed ogre
 11670 | D:11     | Received a gift from Okawaru
 11699 | D:12     | Noticed a centaur warrior
 11704 | D:12     | Killed a centaur warrior
 11860 | D:12     | Found a staircase to the Orcish Mines.
 12017 | D:12     | Noticed a skeletal warrior
 12036 | D:12     | Noticed a two-headed ogre
 12040 | D:12     | Killed a skeletal warrior
 12050 | D:12     | Killed a two-headed ogre
 12379 | D:13     | Noticed a centaur warrior
 12396 | D:13     | Reached XP level 13. HP: 101/101 MP: 18/18
 12440 | D:13     | Killed a centaur warrior
 12451 | D:13     | Received a gift from Okawaru
 12488 | D:13     | Noticed an ogre mage
 12532 | D:13     | Reached skill level 12 in Axes
 12733 | D:13     | Found a shimmering altar of Xom.
 12794 | D:13     | Reached skill level 10 in Fighting
 13481 | Lair:1   | Entered Level 1 of the Lair of Beasts
 13591 | Lair:1   | Reached ****** piety under Okawaru
 13844 | Lair:1   | Found a sacrificial altar of Ru.
 14241 | Lair:2   | Noticed a catoblepas
 14279 | Lair:2   | Killed a catoblepas
 14279 | Lair:2   | Reached skill level 10 in Armour
 14322 | Lair:2   | Reached skill level 1 in Evocations
 14947 | Lair:3   | Received a gift from Okawaru
 14998 | Lair:3   | Found a staircase to the Swamp.
 15063 | Lair:3   | Found an iron altar of Okawaru.
 15122 | Lair:3   | Reached XP level 14. HP: 111/111 MP: 19/19
 15686 | D:12     | Reached skill level 13 in Axes
 16520 | Lair:4   | Got a translucent hand axe
 16525 | Lair:4   | Identified the +6 hand axe of Qosos Rojo {chop, rF- MR+ Str+7} (You found it on level 4 of the Lair of Beasts)
 16703 | Lair:4   | Noticed Josephine
 16721 | Lair:4   | Killed Josephine
 16832 | Lair:4   | Noticed Nessos
 16880 | Lair:4   | Killed Nessos
 17039 | Lair:4   | Found a hole to the Spider Nest.
 17686 | Lair:5   | Received a gift from Okawaru
 17723 | Lair:5   | Got a pair of warped gloves {god gift}
 17734 | Lair:5   | Identified the +0 pair of gloves of Uduahyoth {*Corrode rN+ Str+2} (Okawaru gifted it to you on level 5 of the Lair of Beasts)
 18126 | Lair:5   | Reached skill level 5 in Evocations
 18282 | Lair:6   | Entered Level 6 of the Lair of Beasts
 18314 | Lair:6   | Reached XP level 15. HP: 109/119 MP: 20/20
 18361 | Lair:6   | Found a staircase to the Slime Pits.
 18467 | Lair:6   | Reached skill level 14 in Axes
 18799 | Lair:6   | Received a gift from Okawaru
 19613 | Lair:6   | Received a gift from Okawaru
 20657 | Orc:1    | Entered Level 1 of the Orcish Mines
 20757 | Orc:1    | Found Xuiwisua's Food Boutique.
 20910 | Orc:2    | Entered Level 2 of the Orcish Mines
 20933 | Orc:2    | Found Ykacsa Yxa's Jewellery Boutique.
 21174 | Orc:1    | Noticed Snorg
 21174 | Orc:1    | Noticed Urug
 21176 | Orc:1    | Noticed an orc warlord
 21193 | Orc:2    | Killed Snorg
 21240 | Orc:2    | Killed Urug
 21246 | Orc:2    | Killed an orc warlord
 21268 | Orc:1    | Found Asusk's General Store.
 21271 | Orc:1    | Reached XP level 16. HP: 88/127 MP: 17/21
 21414 | Orc:1    | Found Raorrac's Magic Scroll Shop.
 21449 | Orc:1    | Bought a scroll of enchant weapon for 97 gold pieces
 21449 | Orc:1    | Bought a scroll of enchant armour for 97 gold pieces
 21449 | Orc:1    | Bought a scroll of enchant weapon for 97 gold pieces
 21501 | Orc:1    | Found Acemned's Magic Scroll Emporium.
 21675 | Orc:2    | Found a roughly hewn altar of Beogh.
 21676 | Orc:2    | Found Reakepil's Book Shoppe.
 21740 | Orc:2    | Found a roughly hewn altar of Beogh.
 21751 | Orc:2    | Found Risupnem's Antique Weapon Shoppe.
 22132 | Orc:2    | Found a roughly hewn altar of Beogh.
 22242 | Orc:2    | Found Nagywia's Antique Armour Emporium.
 22245 | Orc:2    | Found a roughly hewn altar of Beogh.
 22247 | Orc:2    | Found Yggomn's Antique Weapon Shoppe.
 22299 | Orc:2    | Found an iron altar of Okawaru.
 22421 | Orc:2    | Reached skill level 15 in Axes
 22536 | Orc:2    | Found a roughly hewn altar of Beogh.
 22556 | Orc:2    | Found a staircase to the Elven Halls.
 22591 | Orc:2    | Found a roughly hewn altar of Beogh.
 22867 | Orc:1    | Bought a +2 battleaxe of electrocution for 451 gold pieces
 22920 | Orc:1    | Bought a scroll of enchant weapon for 127 gold pieces
 22920 | Orc:1    | Bought a scroll of enchant weapon for 127 gold pieces
 22920 | Orc:1    | Bought a scroll of fear for 59 gold pieces
 22920 | Orc:1    | Bought a scroll of fog for 34 gold pieces
 23204 | D:5      | Bought a potion of might for 56 gold pieces
 23204 | D:5      | Bought 2 potions of curing for 84 gold pieces
 23204 | D:5      | Bought 3 potions of cancellation for 336 gold pieces
 23204 | D:5      | Bought a potion of curing for 42 gold pieces
 23204 | D:5      | Bought a potion of mutation for 112 gold pieces
 23249 | D:7      | Bought a potion of heal wounds for 120 gold pieces
 23249 | D:7      | Bought a potion of curing for 72 gold pieces
 23249 | D:7      | Bought a potion of curing for 72 gold pieces
 23482 | D:13     | Received a gift from Okawaru
 23564 | D:13     | Found a gate to the Vaults.
 23619 | D:13     | Noticed Frances
 23639 | D:13     | Killed Frances
 23849 | D:14     | Found an ancient bone altar of Kikubaaqudgha.
 23959 | D:14     | Reached skill level 10 in Dodging
 24013 | D:14     | Found a portal to a secret trove of treasure.
 24822 | Lair:1   | Reached skill level 16 in Axes
 24822 | Lair:1   | Reached XP level 17. HP: 135/135 MP: 23/23
 24995 | D:15     | Entered Level 15 of the Dungeon
 25265 | D:15     | Got a warped scale mail
 25367 | D:15     | Found a frozen archway.
 25392 | IceCv    | Entered an ice cave
 25609 | IceCv    | Identified the +6 scale mail of Forking Paths {+Fly} (You found it on level 15 of the Dungeon)
 26045 | D:14     | You paid a toll of a +8 demon blade to enter a treasure trove
 26046 | Trove    | Entered a treasure trove
 26069 | Trove    | Got a smoking rapier
 26091 | Trove    | Got a transparent platinum amulet
 26097 | Trove    | Got a crude bronze amulet
 26147 | Trove    | Identified the cursed +2 rapier of Qazlal's Envy {freeze, -Tele rC++ MR++} (You found it in a treasure trove)
 26152 | Trove    | Identified the amulet of Royalty {Inacc rN++ Str-3} (You found it in a treasure trove)
 26155 | Trove    | Identified the amulet of Feagreoc {Spirit rPois MP+9 Str-3 Slay+4} (You found it in a treasure trove)
 26684 | D:15     | Got a glittering silver ring
 26686 | D:15     | Identified the ring of Peace {rC+ Dex+7} (You found it on level 15 of the Dungeon)
 26729 | D:15     | Received a gift from Okawaru
 26735 | D:15     | Found a staircase to the Depths.
 27392 | Swamp:1  | Entered Level 1 of the Swamp
 27401 | Swamp:1  | Reached XP level 18. HP: 125/142 MP: 24/24
 29517 | Swamp:3  | Found an ancient bone altar of Kikubaaqudgha.
 30362 | Swamp:2  | Received a gift from Okawaru
 31385 | Swamp:4  | Entered Level 4 of the Swamp
 31788 | Swamp:4  | Noticed Roxanne
 31811 | Swamp:4  | Reached skill level 17 in Axes
 31948 | Swamp:4  | Noticed Mara
 31969 | Swamp:4  | Noticed Llamajah's illusion
 31975 | Swamp:4  | Killed Mara
 32676 | Swamp:4  | Received a gift from Okawaru
 32752 | Swamp:4  | Received a gift from Okawaru
 32940 | Swamp:4  | Noticed Nikola
 32954 | Swamp:4  | Killed Nikola
 32954 | Swamp:4  | Received a gift from Okawaru
 32954 | Swamp:4  | Reached XP level 19. HP: 97/151 MP: 26/26
 32961 | Swamp:4  | Got a pair of warped gloves {god gift}
 33294 | Swamp:4  | Identified the +3 pair of gloves of the Untouchables {rC++ Str-3} (Okawaru gifted it to you on level 4 of the Swamp)
 33500 | Swamp:4  | Killed Roxanne
 33782 | Swamp:4  | Identified Roxanne's Catalogue of Shape Shifting (You took it off Roxanne on level 4 of the Swamp)
 33936 | Swamp:4  | Got a decaying rune of Zot
 34143 | Spider:1 | Entered Level 1 of the Spider Nest
 34249 | Spider:1 | Noticed Agnes
 34261 | Spider:1 | Killed Agnes
 34331 | Spider:1 | Reached skill level 10 in Evocations
 34367 | Spider:1 | Noticed Louise
 34382 | Spider:1 | Killed Louise
 35382 | Spider:2 | Reached skill level 15 in Shields
 35811 | Spider:3 | Received a gift from Okawaru
 36163 | Spider:3 | Reached skill level 18 in Axes
 36213 | Spider:4 | Entered Level 4 of the Spider Nest
 36317 | Spider:4 | Received a gift from Okawaru
 36384 | Spider:4 | Reached XP level 20. HP: 123/160 MP: 0/27
 36892 | Spider:4 | Got a gossamer rune of Zot
 37374 | Elf:1    | Entered Level 1 of the Elven Halls
 37482 | Elf:1    | Found a magical portal.
 37486 | Elf:1    | Noticed an Ice Fiend
 37692 | WizLab   | Entered The Chambers of the Cloud Mage
 37734 | WizLab   | Received a gift from Okawaru
 37739 | WizLab   | Killed tijit's ghost
 38036 | WizLab   | Noticed Xoucwocs
 38050 | WizLab   | Killed from afar by Xoucwocs the Cloud Mage

Skill      XL: |  1  2  3  4  5  6  7  8  9 10 11 12 13 14 15 16 17 18 19 20 |
---------------+-------------------------------------------------------------+-----
Fighting       | 4 5 6 7 8 9 10 11 12 13 14 | 14.8
Axes           | 3 4 5 6 7 9 10 11 12 13 14 16 17 18 | 18.5
Shields        | 4 5 6 7 8 9 10 11 12 13 14 15 | 15.8
Armour         | 4 5 6 7 8 9 10 11 12 13 14 | 14.2
Dodging        | 1 2 3 4 5 6 7 8 9 10 11 12 | 12.3
Invocations    | 1 4 6 7 |  7.1
Evocations     | 2 5 7 8 9 10 | 10.3

Action                   |  1- 3 |  4- 6 |  7- 9 | 10-12 | 13-15 | 16-18 | 19-21 || total
-------------------------+-------+-------+-------+-------+-------+-------+-------++-------
Melee: War axe           |    85 |    97 |   469 |   620 |       |       |       ||  1271
       Spear             |       |       |       |   213 |       |       |       ||   213
       Broad axe         |       |       |       |   126 |   481 |       |       ||   607
       Hand axe          |       |       |       |       |   864 |   285 |       ||  1149
       Scimitar          |       |       |       |       |     6 |    87 |       ||    93
       Battleaxe         |       |       |       |       |       |   369 |       ||   369
       Executioner's axe |       |       |       |       |       |   365 |   667 ||  1032
Invok: Heroism           |       |       |       |     9 |     5 |     1 |     2 ||    17
       Finesse           |       |       |       |     2 |     1 |       |       ||     3
 Abil: Dig               |       |       |       |     6 |     4 |     1 |       ||    11
Evoke: Wand              |       |       |       |       |     1 |       |       ||     1
  Use: Potion            |     1 |       |     3 |     5 |     1 |     2 |     2 ||    14
       Scroll            |       |     8 |     5 |    11 |     6 |    19 |    10 ||    59
 Stab: Paralysed         |       |       |       |       |     1 |       |       ||     1
  Eat: Chunk             |     1 |     4 |    15 |    25 |    27 |    24 |    14 ||   110
       Royal jelly       |       |       |       |     6 |     1 |     5 |     1 ||    13
       Fruit             |       |       |       |       |     4 |     6 |     2 ||    12
Armor: Plate armour      |    53 |    60 |   273 |   375 |   345 |   261 |   244 ||  1611
       Scale mail        |     2 |       |       |       |       |       |       ||     2
       Acid dragon scale |       |       |       |       |     3 |       |       ||     3
Dodge: Dodged            |    25 |    15 |   100 |   230 |   160 |   268 |   285 ||  1083
Block: Shield            |    55 |    51 |   255 |   351 |       |       |       ||   712
       Large shield      |       |       |       |   327 |  1273 |  1221 |  1090 ||  3911
       Reflection        |       |       |       |       |       |    10 |       ||    10
       Rpst.: Scimitar   |       |       |       |       |       |     8 |       ||     8
